 Dungeon Crawl Stone Soup version 0.32-a0-314-g526f7d4993 (webtiles) character file.

Game seed: 2397600289723484565

204 seren the Shield-Bearer (level 5, -1/47 HPs)
             Began as a Mountain Dwarf Fighter on Feb 15, 2024.
             Slain by a gnoll bouda
             ... wielding a +0 club
              (6 damage)
             ... on level 4 of the Dungeon.
             The game lasted 00:04:27 (2371 turns).

seren the Shield-Bearer (Mountain Dwarf Fighter)    Turns: 2371, Time: 00:04:27

Health: -1/47      AC:  7    Str: 18    XL:     5   Next: 52%
Magic:  5/5        EV:  8    Int:  9    God:
Gold:   103        SH:  8    Dex: 11    Spells: 4/4 levels left

rFire   . . .        a - +0 war axe
rCold   . . .        m - +0 kite shield
rNeg    . . .        b - +0 scale mail
rPois   .            (no helmet)
rElec   .            (no cloak)
rCorr   .            (no gloves)
SInv    .            (no boots)
Will    .....        (no amulet) Stlth
                     (no ring)
HPRegen 0.27/turn    (no ring)
MPRegen 0.09/turn

%: no passive effects
@: mighty, weakened
A: runic magic, artefact enchanting
a: no special abilities


You were on level 4 of the Dungeon.
You visited 1 branch of the dungeon, and saw 4 of its levels.

You collected 103 gold pieces.

Inventory:

Hand Weapons
 a - a +0 war axe (weapon)
 i - a +0 sling
Missiles
 g - 14 poisoned darts (quivered)
 o - 6 boomerangs
Armour
 b - a +0 scale mail (worn)
 c - a +0 buckler
 m - a +0 kite shield (worn)
Scrolls
 e - a scroll of blinking {unknown}
 f - 2 scrolls of identify {unknown}
 h - a scroll of fog {unknown}
 j - a scroll of fear {unknown}
 k - a scroll of teleportation {unknown}
 l - a scroll of poison {unknown}
 n - 3 scrolls of vulnerability {unknown}
Potions
 d - 2 potions of might


   Skills:
 + Level 4.3 Fighting
 * Level 4.3 Axes
 + Level 4.3 Armour
 + Level 4.4 Shields


You had 4 spell levels left.
You didn't know any spells.
Your spell library contained the following spells:

 Spells                   Type           Power      Damage    Failure   Level
 Call Canine Familiar     Summ           0%         N/A       99%         3
 Sigil of Binding         Hex            0%         N/A       99%         3
 Stone Arrow              Conj/Erth      0%         3d7       99%         3
 Summon Ice Beast         Ice/Summ       0%         N/A       99%         3
 Animate Armour           Summ/Erth      0%         N/A       100%        4
 Dimensional Bullseye     Hex/Tloc       0%         N/A       100%        4
 Summon Mana Viper        Hex/Summ       0%         N/A       100%        5
 Monstrous Menagerie      Summ           0%         N/A       100%        7
 Lehudib's Crystal Spear  Conj/Erth      0%         10d2      100%        8


Dungeon Overview and Level Annotations

Branches:
Dungeon (4/15)
 Temple: D:4-7

Altars:
Makhleb
Nemelex Xobeh


Innate Abilities, Weirdness & Mutations

Your spellcasting is much less encumbered by armour.
You can use scrolls of enchantment on lesser artefacts.


Message History

* * * LOW HITPOINT WARNING * * *
You block the ball python's attack. The ball python grabs you.
The ball python constricts you.
* * * LOW HITPOINT WARNING * * *
You feel very mighty all of a sudden.
The gnoll bouda hits you with a +0 club.
* * * LOW HITPOINT WARNING * * *
The ball python bites you.
* * * LOW HITPOINT WARNING * * *
The ball python constricts you.
You hit the gnoll bouda.
The gnoll bouda is severely wounded.
You barely miss the ball python. The ball python bites you.
* * * LOW HITPOINT WARNING * * *
The ball python constricts you. You block the gnoll bouda's attack.
You barely miss the gnoll bouda.
The gnoll bouda is severely wounded.
You closely miss the ball python. You block the ball python's attack.
The ball python constricts you.
The gnoll bouda hits you with a +0 club.
* * * LOW HITPOINT WARNING * * *
The ball python bites you but does no damage.
The ball python constricts you.
The gnoll bouda hits you with a +0 club.
* * * LOW HITPOINT WARNING * * *
You closely miss the gnoll bouda.
The gnoll bouda is severely wounded.
You slash the ball python!
You kill the ball python!
The gnoll bouda gazes fiercely through you!
You feel as though you will be weak longer.
The gnoll bouda barely misses you.
Okay, then.
You barely miss the gnoll bouda.
The gnoll bouda is severely wounded.
You block the gnoll bouda's attack.
You closely miss the gnoll bouda.
The gnoll bouda is severely wounded.
The gnoll bouda hits you with a +0 club.
You die...

#. ###.##
....########r#
###.#.##..†~~~#
###...#....####~#
#...##.##...#
#...#...####
##.###†###<# #.##
##@##.#
##.###g###.#
##.#.# #.#
#...####.#
.......#.))...#
#...##...######
##......##
....... #######


You could see a gnoll bouda.

Vanquished Creatures
  A hound (D:4)
  3 adders
  3 gnolls (D:4)
  5 ribbon worms
  3 dart slugs
  An orc (D:2)
  7 ball pythons
  5 bats
  3 endoplasms
  3 giant cockroaches
  5 goblins
  4 hobgoblins
  3 jackals (D:2)
  A kobold (D:1)
  A quokka (D:1)
  4 frilled lizards
  8 rats
60 creatures vanquished.

Notes
Turn   | Place    | Note
-------+----------+-------------------------------------------
     0 | D:1      | seren the Mountain Dwarf Fighter began the quest for the
                  | Orb.
     0 | D:1      | Reached XP level 1. HP: 19/19 MP: 1/1
    45 | D:1      | Reached XP level 2. HP: 24/26 MP: 2/2
   292 | D:1      | Reached XP level 3. HP: 33/33 MP: 3/3
  1124 | D:2      | Reached XP level 4. HP: 37/40 MP: 4/4
  1750 | D:3      | Found a burning altar of Makhleb.
  1868 | D:3      | Found a sparkling altar of Nemelex Xobeh.
  1930 | D:3      | Identified the +0 leather armour of Rotation {*Slow Regen+
                  | MP+9 Int+4}
  2297 | D:4      | Reached XP level 5. HP: 19/46 MP: 5/5
  2371 | D:4      | Slain by a gnoll bouda

Illustrated notes

Levels and vault maps discovered:
D:1:      tekkud_arrival_beachfront_property, layout_loops_cross
D:2:      layout_loops_cross
D:3:      layout_loops_ring, nemelex_xobeh_ov_fountains_minmay, bloody_makhleb,
          nicolae_twisty_statue_hallways
D:4:      cheibrodos_barr_body, layout_loops_ring,
          chequers_temple_overflow_statue_of_worship,
          mainiacjoe_sewer_entry_somewhere_in_here_2

Skill      XL: |  1  2  3  4 |
---------------+-------------+-----
Axes           | 3 4 |  4.3
Armour         | 4 |  4.3
Fighting       | 4 |  4.3
Shields        | 4 |  4.4

Action                     |  1- 3 |  4- 6 || total
---------------------------+-------+-------++-------
  Melee: War axe           |   116 |   127 ||   243
    Use: Potion            |       |     1 ||     1
 Armour: Scale mail        |    67 |    95 ||   162
  Dodge: Dodged            |    72 |    49 ||   121
  Block: Buckler           |    24 |     9 ||    33
         Kite shield       |       |    64 ||    64

Table legend: (Time is in decaauts)
 A = Elapsed time spent in this place.
 B = Non-inter-level travel time spent in this place.
 C = Inter-level travel time spent in this place.
 D = Time resting spent in this place.
 E = Time spent auto-exploring this place.
 F = Levels seen in this place.
 G = Mean time per level.
                   A        B        C        D        E       F      G
               +--------+--------+--------+--------+--------+-----+--------+
         Total |   2469 |   2342 |    127 |     82 |   1624 |   4 |  617.2 |
       Dungeon |   2469 |   2342 |    127 |     82 |   1624 |   4 |  617.2 |
               +--------+--------+--------+--------+--------+-----+--------+

Top non-repeatable levels by time:
     D:2: 874 daAuts
     D:1: 774 daAuts
     D:3: 703 daAuts
     D:4: 116 daAuts
